 Dungeon Crawl Stone Soup version 0.25-a0-356-g7c9d860b3b (webtiles) character file.

Game seed: 13203197133732354780, levelgen mode: deterministic

7047 Luthien the Thaumaturge (level 10, -2/50 HPs)
             Began as a Deep Elf Conjurer on Jan 1, 2020.
             Was a Follower of Vehumet.
             Slain by a bullfrog (7 damage)
             ... on level 10 of the Dungeon on Jan 3, 2020.
             The game lasted 00:53:28 (8295 turns).

Luthien the Thaumaturge (Deep Elf Conjurer)         Turns: 8295, Time: 00:53:28

Health: -2/50      AC:  8    Str:  9    XL:     10   Next: 83%
Magic:  8/30       EV: 11    Int: 24    God:    Vehumet [*.....]
Gold:   407        SH:  0    Dex: 15    Spells: 27/38 levels left

rFire    + . .     SeeInvis +   L - +5 short sword
rCold    . . .     Gourm    .   (no shield)
rNeg     . . .     Faith    .   M - +1 ring mail of Peirghomp {rF+ Str+4}
rPois    .         Spirit   .   y - +2 hat
rElec    .         Reflect  .   (no cloak)
rCorr    .         Harm     .   (no gloves)
MR       +....                  (no boots)
Stlth    +.........             (no amulet)
HPRegen  0.16/turn              s - ring of attention (curse)
MPRegen  0.22/turn              G - ring of see invisible

@: no status effects
A: no striking features
a: Renounce Religion


You were on level 10 of the Dungeon.
You worshipped Vehumet.
Vehumet was aware of your devotion.
You were not hungry.

You visited 2 branches of the dungeon, and saw 11 of its levels.

You collected 407 gold pieces.

Inventory:

Hand Weapons
 r - a +1 spear of flaming
 L - a +5 short sword (weapon)
 Q - a +4 dagger of distortion
Missiles
 g - 19 bolts
 u - 252 stones (quivered)
 v - 31 sling bullets
 z - 5 silver javelins
 A - 76 arrows
 N - 3 throwing nets
Armour
 h - a +0 robe
 y - a +2 hat (worn)
 M - the +1 ring mail of Peirghomp (worn) {rF+ Str+4}
   (You found it on level 8 of the Dungeon)

   It affects your strength (+4).
   It protects you from fire.
Jewellery
 d - an uncursed amulet of guardian spirit {unknown}
 s - a cursed ring of attention (left hand)
 B - an uncursed ring of resist corrosion
 G - a ring of see invisible (right hand)
 J - an uncursed ring of protection from cold
Wands
 a - a wand of iceblast (10)
 I - a wand of flame (1)
Scrolls
 k - 2 scrolls of fear {unknown}
 m - a scroll of amnesia {unknown}
 o - 3 scrolls of teleportation {unknown}
 t - 2 scrolls of noise {unknown}
 x - 2 scrolls of remove curse {unknown}
 C - a scroll of silence {unknown}
 D - a scroll of fog {unknown}
 F - 7 scrolls of identify
 H - 2 scrolls of blinking {unknown}
 K - a scroll of vulnerability {unknown}
Potions
 b - 2 potions of lignification {unknown}
 e - 2 potions of flight {unknown}
 i - a potion of resistance
 j - 3 potions of degeneration {unknown}
 l - a potion of brilliance {unknown}
 p - 6 potions of curing
 q - 2 potions of invisibility
 w - a potion of ambrosia {unknown}
 E - 2 potions of haste {unknown}
 O - a potion of berserk rage {unknown}
Comestibles
 c - 17 rations
 P - a chunk of flesh


   Skills:
 - Level 3.0 Dodging
 - Level 3.0 Stealth
 + Level 14.7 Spellcasting
 + Level 13.1 Conjurations


You had 27 spell levels left.
You knew the following spells:

 Your Spells              Type           Power        Failure   Level  Hunger
a - Magic Dart            Conj           ####         1%          1    None
b - Searing Ray           Conj           ######       1%          2    None
i - Iskenderun's Mystic   Conj/Tloc      #####...     6%          4    None
p - Fulminant Prism       Conj/Hex       #####.....   6%          4    None

Your spell library contained the following spells:

 Spells                   Type           Power        Failure   Level  Hunger
 Freeze                   Ice            ###.         9%          1    None
 Dazzling Flash           Conj/Hex       #####.       1%          3    None
 Stone Arrow              Conj/Erth      #####.       1%          3    None
 Sandblast                Erth           ###...       9%          1    None
 Passwall                 Tmut/Erth      ###.....     14%         2    None
 Petrify                  Tmut/Erth      ###.....     65%         4    None
 Lee's Rapid Deconstruct  Erth           ###.......   94%         5    ##.....


Dungeon Overview and Level Annotations

Branches:
Dungeon (10/15)            Temple (1/1) D:6
   Lair: D:8-11         Orc: D:9-12

Altars:
Ashenzari
Cheibriados
Dithmenos
Elyvilon
Fedhas
Gozag
Hepliaklqana
Kikubaaqudgha
Makhleb
Nemelex Xobeh
Okawaru
Qazlal
Ru
Sif Muna
Trog
Uskayaw
Vehumet
Wu Jian
Xom
Yredelemnul
Zin
The Shining One

Shops:
D:4 [   D:5 %

Annotations:
D:7 exclusion: downstairs
D:8 Maurice


Message History

A bullfrog comes into view.
As you read the scroll labeled NANIC AT PYAPT, it crumbles to dust.
The creatures around you are filled with an inner flame!
It was a scroll of immolation.
The bullfrog completely misses you.
Press: ? - help, v - describe, . - travel
Here: a centaur skeleton (severely damaged, inner flame)
The floor.
Unknown command.
Unknown command.
Unknown command.
Unknown command.
Unknown command.
Unknown command.
Unknown command.
As you read the scroll labeled ZAKANKO ICUNA, it crumbles to dust.
The dust glows shimmering brown!
It was a scroll of random uselessness.
The centaur skeleton closely misses you.
The bullfrog closely misses you. The centaur skeleton barely misses you.
The bullfrog hits you!
You die...

# ########## #.
#........#
#..#........#
+..F@Z......#
#..#...T....#
########+######....###
............<..........
.......<...............
#######..T.#..####..###
.......#..# ..#
........#..# .#
############ #


You could see a troll, a bullfrog (inner flame) and a centaur skeleton (inner
flame).

Vanquished Creatures
  Harold (D:9)
  2 two-headed ogres
  Psyche (D:9)
  Prince Ribbit (D:6)
  Grinder (D:4)
  A wyvern (D:8)
  A hungry ghost (D:7)
  2 wargs (D:9)
  A water moccasin (D:7)
  2 sky beasts
  2 orc warriors
  2 ice beasts
  4 ogres
  2 phantoms
  A centaur (D:9)
  A crocodile (D:9)
  4 bullfrogs
  3 scorpions
  A water moccasin skeleton (D:7)
  12 wights
  10 killer bees
  A howler monkey (D:6)
  A crimson imp (D:6)
  3 hounds
  A jelly (D:9)
  3 orc priests
  A gnoll shaman (D:4)
  7 orc wizards
  Jessica (D:2)
  3 iguanas
  Natasha (twice) (D:2)
  9 worker ants
  A hound skeleton (D:6)
  14 gnolls
  2 howler monkey skeletons
  10 adders
  A shadow imp (D:5)
  An ooze (D:1)
  2 adder zombies (D:5)
  2 adder skeletons
  3 worms
  A dart slug (D:2)
  7 leopard geckos
  17 orcs
  3 bats
  3 giant cockroaches
  3 goblins
  4 hobgoblins
  4 jackals
  4 kobolds
  5 quokkas
  A ball python (D:4)
  5 frilled lizards
  A leopard gecko skeleton (D:5)
  2 quokka zombies (D:6)
  7 rats
  A fulminant prism (D:8)
191 creatures vanquished.

Vanquished Creatures (others)
  76 fulminant prisms
76 creatures vanquished.

Grand Total: 267 creatures vanquished

Notes
Turn   | Place    | Note
-------+----------+-------------------------------------------
     0 | D:1      | Luthien the Deep Elf Conjurer began the quest for the Orb.
     0 | D:1      | Reached XP level 1. HP: 10/10 MP: 6/6
   192 | D:1      | Reached XP level 2. HP: 15/15 MP: 4/8
   196 | D:1      | Learned a level 2 spell: Searing Ray
   921 | D:2      | Noticed Jessica
   924 | D:2      | Killed Jessica
   924 | D:2      | Reached skill level 4 in Spellcasting
   924 | D:2      | Reached XP level 3. HP: 19/19 MP: 4/10
   996 | D:2      | Reached skill level 5 in Conjurations
  1217 | D:2      | Reached XP level 4. HP: 24/24 MP: 9/12
  1281 | D:2      | Noticed Natasha
  1288 | D:2      | Killed Natasha
  1506 | D:2      | Noticed Natasha
  1509 | D:2      | Killed Natasha
  1509 | D:2      | Reached skill level 5 in Spellcasting
  1509 | D:2      | Reached XP level 5. HP: 19/28 MP: 9/14
  2450 | D:4      | Noticed a phantom
  2546 | D:4      | Killed a phantom
  2546 | D:4      | Reached skill level 6 in Spellcasting
  2546 | D:4      | Reached XP level 6. HP: 23/32 MP: 4/17
  2909 | D:4      | Reached skill level 7 in Spellcasting
  3035 | D:4      | Reached XP level 7. HP: 36/36 MP: 12/19
  3069 | D:4      | Found a basalt altar of Yredelemnul.
  3082 | D:4      | Found a shattered altar of Ashenzari.
  3089 | D:4      | Found a stormy altar of Qazlal.
  3115 | D:4      | Found a bloodstained altar of Trog.
  3183 | D:4      | Noticed Grinder
  3193 | D:4      | Killed Grinder
  3193 | D:4      | Reached skill level 8 in Spellcasting
  3338 | D:4      | Found Labaifici's Armour Boutique.
  3409 | D:5      | Entered Level 5 of the Dungeon
  3591 | D:5      | Found an iron altar of Okawaru.
  3677 | D:5      | Found Niatedih's Food Boutique.
  4071 | D:5      | Reached XP level 8. HP: 41/41 MP: 19/22
  4104 | D:5      | Learned a level 4 spell: Fulminant Prism
  4109 | D:5      | Learned a level 4 spell: Iskenderun's Mystic Blast
  4112 | D:5      | Reached skill level 9 in Spellcasting
  4174 | D:5      | Found a blossoming altar of Fedhas.
  4248 | D:6      | Noticed Prince Ribbit
  4465 | D:6      | Found a staircase to the Ecumenical Temple.
  4548 | D:6      | Killed Prince Ribbit
  4548 | D:6      | Reached skill level 10 in Spellcasting
  5329 | Temple   | Entered the Ecumenical Temple
  5484 | D:6      | HP: 2/41 [poisoned by a killer bee]
  5694 | D:7      | Reached skill level 10 in Conjurations
  5694 | D:7      | Reached XP level 9. HP: 38/45 MP: 1/25
  5694 | D:7      | Reached skill level 11 in Spellcasting
  5938 | D:6      | Upgraded the game from 0.25-a0-353-ged6d54792d to
                  | 0.25-a0-356-g7c9d860b3b
  6353 | D:7      | Reached skill level 12 in Spellcasting
  6922 | D:8      | Got a twisted ring mail
  7002 | D:7      | Identified the +1 ring mail of Peirghomp {rF+ Str+4} (You
                  | found it on level 8 of the Dungeon)
  7024 | D:8      | Noticed a two-headed ogre
  7028 | D:8      | Noticed a two-headed ogre
  7163 | D:8      | Noticed Maurice
  7457 | D:7      | Killed a two-headed ogre
  7457 | D:7      | Reached skill level 13 in Spellcasting
  7457 | D:7      | Reached XP level 10. HP: 50/50 MP: 13/29
  7651 | D:9      | Found a radiant altar of Vehumet.
  7669 | D:9      | Became a worshipper of Vehumet
  7805 | D:9      | Noticed Psyche
  7812 | D:9      | Killed Psyche
  7962 | D:9      | Noticed a two-headed ogre
  7969 | D:9      | Killed a two-headed ogre
  7969 | D:9      | Reached skill level 14 in Spellcasting
  8213 | D:9      | Noticed Harold
  8227 | D:9      | Killed Harold
  8253 | D:10     | Entered Level 10 of the Dungeon
  8276 | D:10     | HP: 2/50 [ogre/+0 giant spiked club (17)]
  8282 | D:10     | Reached * piety under Vehumet
  8282 | D:10     | Offered knowledge of Freeze by Vehumet.
  8295 | D:10     | Slain by a bullfrog

Levels and vault maps discovered:
D:1:      minmay_arrival_three_doors, layout_basic
D:2:      minmay_general_purpose_star, layout_loops_ring, uniq_jessica,
          uniq_natasha
D:3:      layout_loops_ring, first_ration
D:4:      layout_rooms, nicolae_overflow_quartered_altars, serial_shops,
          nicolae_shop_stone, kennysheep_small_square, uniq_grinder
D:5:      layout_basic, lemuel_crystal_altar, serial_shops, shop,
          fedhas_altar_fruit_tree
D:6:      layout_loops_ring, minmay_temple_entry_offerings,
          minmay_misc_feat_tiny, chequers_decorated_corner, uniq_prince_ribbit1
D:7:      layout_cave_pools, item_on_display_b
D:8:      layout_cave_pools, basic_altar, hangedman_little_slice_of_home,
          chequers_serial_rivers_micro_c, uniq_maurice
D:9:      layout_big_octagon, overflow_temple_1_default,
          erik_lair_orcish_takeover, serial_bayou,
          nicolae_straight_to_the_point, uniq_harold, uniq_psyche
D:10:     layout_grid_maze, serial_shops, kennysheep_mini_moat,
          lemuel_angel_altar
Temple:   compressed_dpeg_circular_temple

Skill      XL: |  1  2  3  4  5  6  7  8  9 10 |
---------------+-------------------------------+-----
Dodging        | 3 |  3.0
Stealth        | 3 |  3.0
Spellcasting   | 4 5 6 7 8 10 13 14 | 14.7
Conjurations   | 5 6 7 8 10 11 13 | 13.1

Action                   |  1- 3 |  4- 6 |  7- 9 | 10-12 || total
-------------------------+-------+-------+-------+-------++-------
Melee: Short sword       |     4 |       |       |       ||     4
       Spear             |       |       |     1 |       ||     1
 Cast: Magic Dart        |    56 |    37 |    59 |    24 ||   176
       Searing Ray       |     5 |    29 |    42 |    11 ||    87
       Fulminant Prism   |       |       |    52 |    25 ||    77
       Iskenderun's Myst |       |       |     2 |       ||     2
Evoke: Wand              |       |       |     3 |     9 ||    12
  Use: Scroll            |       |     3 |       |     2 ||     5
       Potion            |       |       |     2 |     1 ||     3
  Eat: Chunk             |     1 |     5 |    13 |     3 ||    22
       Ration            |       |       |     1 |       ||     1
Armor: Robe              |     5 |     3 |     9 |       ||    17
       Ring mail         |       |       |    13 |     3 ||    16
Dodge: Dodged            |    17 |     9 |    60 |    11 ||    97

Table legend:
 A = Non-vault XP
 B = Vault XP
 C = Vault XP percentage of total XP
 D = Non-vault monster count
 E = Vault monster count
 F = Vault count percentage of total count
                 A         B        C        D         E       F
            +---------+---------+-------+---------+---------+-------
      Total |    7296 |    2772 |  27.5 |     169 |      21 |  11.1
            +---------+---------+-------+---------+---------+-------
        D:1 |      28 |       0 |   0.0 |      13 |       0 |   0.0
        D:2 |     113 |      87 |  43.5 |      23 |       5 |  17.9
        D:3 |      33 |      13 |  28.3 |       9 |       1 |  10.0
        D:4 |     510 |     396 |  43.7 |      18 |       3 |  14.3
        D:5 |     408 |       0 |   0.0 |      17 |       0 |   0.0
        D:6 |     784 |     286 |  26.7 |      22 |       1 |   4.3
        D:7 |    2625 |       0 |   0.0 |      37 |       0 |   0.0
        D:8 |     754 |       0 |   0.0 |      11 |       0 |   0.0
        D:9 |    1923 |    1990 |  50.9 |      18 |      11 |  37.9
       D:10 |     118 |       0 |   0.0 |       1 |       0 |   0.0
            +---------+---------+-------+---------+---------+-------
